 Dungeon Crawl Stone Soup version 0.29.0-7-g18a832c13a (webtiles) character file.

Game seed: 10962835290385279256

79 themarg the Caller (level 4, -11/30 HPs)
             Began as a Merfolk Summoner on Aug 31, 2022.
             Blown up by Ijyb (16 damage)
             ... with a mindburst bolt
             ... on level 3 of the Dungeon.
             The game lasted 00:11:05 (2097 turns).

themarg the Caller (Merfolk Summoner)               Turns: 2097, Time: 00:11:06

Health: -11/30     AC:  2    Str:  7    XL:     4   Next: 38%
Magic:  0/7        EV: 13    Int: 15    God:
Gold:   107        SH:  0    Dex: 18    Spells: 4/8 levels left

rFire   . . .      SeeInvis .   l - +3 halberd "Jisinyj" {holy, rN+}
rCold   . . .      Faith    .   (shield currently unavailable)
rNeg    + . .      Spirit   .   a - +0 robe
rPois   .          Reflect  .   (helmet restricted)
rElec   .          Harm     .   (no cloak)
rCorr   .          Rampage  .   (no gloves)
Will    .....                   (no boots)
Stlth   ++........              (no amulet)
HPRegen 0.10/turn               (no ring)
MPRegen 0.10/turn               (no ring)

@: no status effects
A: (nimble swimmer 2), mertail, antennae 1, agile 1, mutation resistance 1, wild
magic 1
a: no special abilities


You were on level 3 of the Dungeon.
You visited 1 branch of the dungeon, and saw 3 of its levels.

You collected 107 gold pieces.

Inventory:

Hand Weapons
 c - a +0 dagger
 l - the +3 halberd "Jisinyj" (weapon) {holy, rN+}
   (You found it on level 2 of the Dungeon)

   It has been blessed by the Shining One to cause great damage to the undead
   and demons.
   rN:        It protects you from negative energy.
Missiles
 f - 2 poisoned darts
 j - a throwing net
Armour
 a - a +0 robe (worn)
 k - a +0 buckler
Scrolls
 d - 4 scrolls of identify {unknown}
 e - a scroll of acquirement {unknown}
 g - a scroll of vulnerability {unknown}
 h - a scroll of enchant weapon {unknown}
 n - a scroll of fog {unknown}
Potions
 b - a potion of magic
 i - a potion of lignification {unknown}
 m - a potion of curing {unknown}
 p - a potion of ambrosia {unknown}


   Skills:
 + Level 2.1 Polearms
 - Level 2.9 Dodging
 - Level 2.3 Stealth
 - Level 2.5 Spellcasting
 - Level 5.0 Summonings


You had 4 spell levels left.
You knew the following spells:

 Your Spells              Type           Power      Damage    Failure   Level
a - Summon Small Mammal   Summ           84%        N/A       4%          1
b - Call Canine Familiar  Summ           21%        N/A       13%         3

Your spell library contained the following spells:

 Spells                   Type           Power      Damage    Failure   Level
 Call Imp                 Summ           21%        N/A       7%          2
 Necrotise                Necr           8%         1d4       30%         1
 Sandblast                Erth           4%         2d4       30%         1
 Summon Guardian Golem    Hex/Summ       12%        N/A       30%         3
 Passwall                 Tmut/Erth      1%         N/A       41%         2
 Stone Arrow              Conj/Erth      4%         3d7       63%         3
 Vampiric Draining        Necr           2%         2d6       63%         3
 Summon Lightning Spire   Summ/Air       12%        N/A       67%         4
 Agony                    Necr           2%         N/A       100%        5


Dungeon Overview and Level Annotations

Branches:
Dungeon (3/15)

Altars:

Annotations:
D:3 Ijyb


Innate Abilities, Weirdness & Mutations

((You are very nimble when in or above water. (Stealth+, EV+, Speed+++)))
Your lower body shifts to a powerful aquatic tail in water.
You have a pair of small antennae on your head.
You are agile. (Dex +4, Str/Int -1)
You are somewhat resistant to further mutation.
Your spells are a little harder to cast, but a little more powerful.


Message History

You slash Ijyb!
Ijyb is heavily wounded.
Your bat completely misses Ijyb.
Ijyb zaps a wand.
Your mind is blasted!
Ouch! That really hurt!
The goblin hits you with a +0 club.
* * * LOW HITPOINT WARNING * * *
Your bat closely misses the goblin.
Ijyb barely misses you. The goblin closely misses you.
The goblin hits your bat but does no damage.
Your hound bites the goblin.
It was a potion of mutation.
You feel extremely strange.
You feel agile.
You feel less in control of your magic. A pair of antennae grows on your head!
You feel genetically stable.
Your bat hits the goblin.
The goblin dies!
Ijyb hits you with a +0 dagger.
* * * LOW HITPOINT WARNING * * *
The goblin barely misses your hound.
You swap places.
Your bat barely misses Ijyb.
Your bat closely misses the goblin.
Your hound closely misses the goblin.
Your bat hits Ijyb but does no damage. Ijyb hits your bat with a +0 dagger.
Your bat dies!
Your bat's corpse disappears in a puff of smoke!
The goblin hits your hound with a +0 club.
Your hound bites the goblin.
The goblin dies!
Reach: l) +3 halberd "Jisinyj" {holy, rN+}
Press: ? - help, Dir - move target, f/p - Ijyb
Aim: Ijyb, wielding a +0 dagger, wearing a +0 leather armour and carrying a wand of mindburst (10) (heavily wounded, ally target, about 49% to evade the +3 halberd "Jisinyj")
You reach to attack!
You hit Ijyb.
Ijyb is heavily wounded.
Ijyb zaps a wand.
You barely resist.
Your hound bites Ijyb.
Reach: l) +3 halberd "Jisinyj" {holy, rN+}
Press: ? - help, Dir - move target, f/p - Ijyb
Aim: Ijyb, wielding a +0 dagger, wearing a +0 leather armour and carrying a wand of mindburst (9) (severely wounded, not watching you, ally target, about 49% to evade the +3 halberd "Jisinyj")
You reach to attack!
You barely miss Ijyb.
Ijyb is severely wounded.
Your hound misses Ijyb.
Ijyb zaps a wand.
Your mind is blasted!
Ouch! That really hurt!
You die...

#.#.###........ #....#...
#.#.###........ #.#.##.##
#...............#.#.##.##
###.####.................
#.# #########.####### #.#
############
#.###...8:8.8.8
#...#....).?...
###...@.h)$....
####..g)..... #...).....
#..?...... ..$8.8.8.8
###########


You could see Ijyb (ally target) and a friendly hound (summoned).

Vanquished Creatures
  An adder (D:2)
  A worm (D:3)
  2 dart slugs
  An orc (D:3)
  2 bats (D:2)
  3 goblins
  4 hobgoblins
  A kobold (D:1)
  A ball python (D:1)
  A frilled lizard (D:3)
17 creatures vanquished.

Vanquished Creatures (collateral kills)
  A dart slug (D:1)
  2 orcs (D:3)
  A ball python (D:1)
  4 bats (D:1)
  An endoplasm (D:2)
  A giant cockroach (D:2)
  13 goblins
  4 hobgoblins
  3 frilled lizards
  5 rats
35 creatures vanquished.

Grand Total: 52 creatures vanquished

Notes
Turn   | Place    | Note
-------+----------+-------------------------------------------
     0 | D:1      | themarg the Merfolk Summoner began the quest for the Orb.
     0 | D:1      | Reached XP level 1. HP: 13/13 MP: 3/3
   200 | D:1      | Reached XP level 2. HP: 19/19 MP: 1/5
   590 | D:1      | Found a faded altar of an unknown god.
   697 | D:1      | Reached XP level 3. HP: 24/24 MP: 3/6
  1480 | D:2      | Identified the +3 halberd "Jisinyj" {holy, rN+}
  1800 | D:3      | Reached skill level 5 in Summonings
  1800 | D:3      | Reached XP level 4. HP: 19/30 MP: 5/7
  1907 | D:3      | Reached skill level 1 in Polearms
  1912 | D:3      | Learned a level 3 spell: Call Canine Familiar
  2085 | D:3      | Noticed Ijyb
  2094 | D:3      | Gained mutation: You are agile. (Dex +4, Str/Int -1)
                  | [potion of mutation]
  2094 | D:3      | Gained mutation: Your spells are a little harder to cast,
                  | but a little more powerful. [potion of mutation]
  2094 | D:3      | Gained mutation: You have a pair of small antennae on your
                  | head. [potion of mutation]
  2094 | D:3      | Gained mutation: You are somewhat resistant to further
                  | mutation. [potion of mutation]
  2097 | D:3      | Blown up by Ijyb

Illustrated notes

Levels and vault maps discovered:
D:1:      dpeg_arrival_pond, layout_rooms, hellmonk_ecumenical_altar_zigzags,
          due_unseen_surprise
D:2:      layout_basic
D:3:      kennysheep_the_goblin_king, layout_loops_cross,
          mainiacjoe_overflow_boulevard, uniq_robin

Skill      XL: |  1  2  3  4 |
---------------+-------------+-----
Summonings     | 5 |  5.0
Polearms       | 2 |  2.1
Dodging        | |  2.9
Stealth        | |  2.3
Spellcasting   | |  2.5

Action                   |  1- 3 |  4- 6 || total
-------------------------+-------+-------++-------
Melee: Dagger            |    46 |       ||    46
       Tailslap          |     3 |       ||     3
       Punch             |     1 |       ||     1
       Halberd           |     7 |    14 ||    21
 Cast: Summon Small Mamm |    63 |     5 ||    68
       Call Canine Famil |       |     3 ||     3
  Use: Potion            |       |     1 ||     1
Armor: Robe              |    22 |       ||    22
Dodge: Dodged            |    75 |     4 ||    79
